 Dungeon Crawl Stone Soup version 0.30-a0-702-gdf48620a09 (webtiles) character file.

Game seed: 10506287754248427659

1185 wormed the Firebug (level 8, -4/59 HPs)
             Began as a Demonspawn Fire Elementalist on Jan 21, 2023.
             Killed from afar by Ijyb (12 damage)
             ... with an iceblast
             ... on level 5 of the Dungeon.
             The game lasted 00:09:45 (5329 turns).

wormed the Firebug (Demonspawn Fire Elementalist)   Turns: 5329, Time: 00:09:45

Health: -4/59      AC:  6    Str:  9    XL:     8   Next: 19%
Magic:  10/23      EV: 13    Int: 18    God:
Gold:   309        SH:  0    Dex: 14    Spells: 9/15 levels left

rFire   . . .      SeeInvis .    c - +3 dagger (drain)
rCold   . . .      Faith    .    (no shield)
rNeg    . . .      Spirit   .    a - +1 robe
rPois   .          Reflect  .    (helmet restricted)
rElec   .          Harm     .    (no cloak)
rCorr   .          Rampage  .    (no gloves)
Will    .....                    o - +2 pair of boots
Stlth   +++                      (no amulet)
HPRegen 0.29/turn                e - ring of magical power
MPRegen 0.18/turn                (no ring)

@: very slightly contaminated, slowed, very slow
A: antennae 2, powered by death 1, demonic magic 2
a: no special abilities


You were on level 5 of the Dungeon.
You visited 1 branch of the dungeon, and saw 5 of its levels.
You also visited: Sewer.

You collected 309 gold pieces.

Inventory:

Hand Weapons
 c - a +3 dagger of draining (weapon)
 h - the +8 trident of Ikloam {heavy, Int+2}
   (You found it on level 5 of the Dungeon)

   Int:       It affects your intelligence (+2).
Missiles
 k - 2 throwing nets
Armour
 a - a +1 robe (worn)
 o - a +2 pair of boots (worn)
Jewellery
 e - a ring of magical power (left hand)
Scrolls
 f - a scroll of enchant weapon
 m - 2 scrolls of amnesia
 q - 2 scrolls of teleportation
 s - a scroll of enchant armour
Potions
 b - 2 potions of magic
 d - a potion of attraction
 g - a potion of resistance {unknown}
 i - a potion of curing
 j - a potion of brilliance
 l - 3 potions of might
 n - a potion of flight {unknown}
 p - a potion of degeneration {unknown}
 r - a potion of mutation
 t - a potion of haste {unknown}


   Skills:
 + Level 3.6 Fighting
 + Level 3.9 Dodging
 + Level 4.3 Stealth
 + Level 4.1 Spellcasting
 + Level 3.9 Conjurations
 + Level 4.4 Fire Magic


You had 9 spell levels left.
You knew the following spells:

 Your Spells              Type           Power      Damage    Failure   Level
a - Foxfire               Conj/Fire      72%        2x1d7     2%          1
b - Scorch                Fire           38%        2d7       3%          2
c - Inner Flame           Hex/Fire       11%        N/A       17%         3

Your spell library contained the following spells:

 Spells                   Type           Power      Damage    Failure   Level
 Shock                    Conj/Air       40%        1d5       6%          1
 Apportation              Tloc           6%         N/A       14%         1
 Necrotise                Necr           12%        1d4       14%         1
 Summon Small Mammal      Summ           12%        N/A       14%         1
 Kindle Blastsparks       Fire/Tloc/Air  18%        2d11      24%         3
 Flame Wave               Conj/Fire      18%        2d7       26%         4
 Swiftness                Air            3%         N/A       41%         3
 Airstrike                Air            1%         2d(1-17)  82%         4


Dungeon Overview and Level Annotations

Branches:
Dungeon (5/15)              Sewer (visited)
 Temple: D:4-7

Altars:
Makhleb
Nemelex Xobeh
Okawaru
Xom

Shops:
D:1 (   D:3 :

Annotations:
D:5 Ijyb


Innate Abilities, Weirdness & Mutations

You have a pair of antennae on your head.
You regenerate a little health from kills.
Spells you cast may paralyse nearby enemies.


Message History

Press: ? - help, Dir - move target, f/p - Ijyb
Aim: Ijyb, wielding a +0 club, wearing a +2 chain mail of poison resistance and carrying a wand of iceblast (12) (asleep, chance to affect: 71%)
You miscast Inner Flame.
Nothing appears to happen.
Ijyb shouts!
Casting: Inner Flame (dangerous; 17% risk of failure)
Confirm with . or Enter, or press ? or * to list all spells.
Aiming: Inner Flame (dangerous; 17% risk of failure)
Press: ? - help, Dir - move target, f/p - Ijyb
Aim: Ijyb, wielding a +0 club, wearing a +2 chain mail of poison resistance and carrying a wand of iceblast (12) (chance to affect: 71%)
You miscast Inner Flame.
Nothing appears to happen.
Ijyb zaps a wand.
The mass of ice explodes!
The iceblast engulfs you!
You hear a shout! x2
Casting: Inner Flame (dangerous; 17% risk of failure)
Confirm with . or Enter, or press ? or * to list all spells.
Aiming: Inner Flame (dangerous; 17% risk of failure)
Press: ? - help, Dir - move target, f/p - Ijyb
Aim: Ijyb, wielding a +0 club, wearing a +2 chain mail of poison resistance and carrying a wand of iceblast (11) (chance to affect: 71%)
You miscast Inner Flame.
Nothing appears to happen.
Ijyb zaps a wand.
The mass of ice explodes!
The iceblast engulfs you!
An ufetubus comes into view.
You hear a shout!
Casting: Inner Flame (dangerous; 17% risk of failure)
Confirm with . or Enter, or press ? or * to list all spells.
Aiming: Inner Flame (dangerous; 17% risk of failure)
Press: ? - help, Dir - move target, f/p - Ijyb
Aim: Ijyb, wielding a +0 club, wearing a +2 chain mail of poison resistance and carrying a wand of iceblast (10) (chance to affect: 71%) Ijyb is filled with an inner flame.
Malevolent energies surge around you.
Ijyb zaps a wand.
The mass of ice explodes!
The iceblast engulfs you!
A gnoll comes into view. It is wielding a +0 spear.
The ufetubus attacks as you move away! The ufetubus barely misses you.
The ufetubus closely misses you. Ijyb screams, "Me stronger than you!"
The ufetubus hits you but does no damage.
The ufetubus completely misses you.
Ijyb zaps a wand.
The mass of ice explodes!
The iceblast engulfs the ufetubus!
The ufetubus partially resists.
The ufetubus dies!
The iceblast engulfs you!
* * * LOW HITPOINT WARNING * * *
Ijyb zaps a wand.
The mass of ice explodes!
The iceblast engulfs you!
You die...

............#####
#.##.###.>......####
..##..##......#....###
.####..#....#.####...####
.# ##.###.##..#........#
.# #.# #.###...########
## #[# #.# ##.## # #.#
#.# ##..### ###. #
#.###.###..@..#### ....
##
#...#.....###....#..####
.## ###.#..####
####g..?.... ..# ##....#
##....... #.# #.....#
....... #.#####)#..##
....... #.##....#.)####
...g... ..##.#.........
.5..... .....#.>.......#
.......


You could see Ijyb (inner flame).

Vanquished Creatures
  An ice beast (D:4)
  A black bear (D:4)
  A phantom (D:5)
  5 kobold brigands (Sewer)
  A scorpion (D:4)
  A gnoll bouda (D:5)
  2 hounds
  3 iguanas
  Robin (D:4)
  12 adders
  7 gnolls
  2 river rats (D:5)
  A white imp (D:5)
  10 worms
  3 dart slugs
  3 orcs
  8 ball pythons
  4 bats
  10 endoplasms
  4 giant cockroaches
  16 goblins
  8 hobgoblins
  10 jackals
  15 kobolds
  2 quokkas
  3 frilled lizards
  13 rats
147 creatures vanquished.

Vanquished Creatures (others)
  An ufetubus (D:5)
  162 foxfires
163 creatures vanquished.

Grand Total: 310 creatures vanquished

Notes
Turn   | Place    | Note
-------+----------+-------------------------------------------
     0 | D:1      | wormed the Demonspawn Fire Elementalist began the quest for
                  | the Orb.
     0 | D:1      | Reached XP level 1. HP: 13/13 MP: 3/3
    98 | D:1      | Gained mutation: Spells you cast may paralyse adjacent
                  | enemies. [demonic ancestry]
    98 | D:1      | Reached XP level 2. HP: 17/20 MP: 0/5
   538 | D:1      | Gained mutation: You have a pair of small antennae on your
                  | head. [demonic ancestry]
   538 | D:1      | Reached XP level 3. HP: 25/25 MP: 6/6
   567 | D:1      | Reached skill level 1 in Fighting
   658 | D:1      | Found Zyz Vegack's Antique Weapon Shop.
  1313 | D:2      | Reached XP level 4. HP: 19/32 MP: 7/7
  1875 | D:2      | Learned a level 2 spell: Scorch
  1879 | D:2      | Learned a level 3 spell: Inner Flame
  2114 | D:3      | Gained mutation: You regenerate a little health from kills.
                  | [demonic ancestry]
  2114 | D:3      | Reached XP level 5. HP: 37/37 MP: 7/8
  2371 | D:3      | Found Gisi's Book Shoppe.
  2386 | D:3      | Found a shimmering altar of Xom.
  2386 | D:3      | Found a sparkling altar of Nemelex Xobeh.
  2886 | D:4      | Noticed an ice beast
  2895 | D:4      | Killed an ice beast
  2930 | D:4      | Found a burning altar of Makhleb.
  2962 | D:4      | Noticed Robin
  3069 | D:4      | Reached XP level 6. HP: 44/44 MP: 10/10
  3072 | D:4      | Killed Robin
  3493 | D:4      | Gained mutation: Spells you cast may paralyse nearby
                  | enemies. [demonic ancestry]
  3493 | D:4      | Reached XP level 7. HP: 40/51 MP: 9/12
  3957 | D:5      | Entered Level 5 of the Dungeon
  3967 | D:5      | Identified the +8 trident of Ikloam {heavy, Int+2}
  4011 | D:5      | Found a glowing drain.
  4019 | Sewer    | Entered a sewer
  4927 | D:5      | Gained mutation: You have a pair of antennae on your head.
                  | [demonic ancestry]
  4927 | D:5      | Reached XP level 8. HP: 58/58 MP: 11/13
  4989 | D:5      | Found an iron altar of Okawaru.
  5319 | D:5      | Noticed Ijyb
  5329 | D:5      | Killed from afar by Ijyb

Illustrated notes

Levels and vault maps discovered:
D:1:      dpeg_arrival_refuge, layout_loops_ring, serial_shops,
          nicolae_shop_window_shopping
D:2:      layout_basic, chequers_serial_rivers_micro_d,
          nicolae_kite_square_tiling_tiny
D:3:      layout_basic, gammafunk_temple_overflow_elements, serial_shops, shop,
          solitary_fountain
D:4:      layout_basic, mainiacjoe_overflow_concentric_impassable, uniq_robin
D:5:      layout_rooms, okawaru_altar_gauntlet_db, lightli_sewer_entry_pipes,
          nrook_mini_backslash, uniq_blork_the_orc, uniq_ijyb

Skill      XL: |  1  2  3  4  5  6  7  8 |
---------------+-------------------------+-----
Stealth        | 2 3 4 |  4.3
Dodging        | 2 3 |  3.9
Fighting       | 1 2 3 |  3.6
Fire Magic     | 3 4 |  4.4
Conjurations   | 2 3 |  3.9
Spellcasting   | 3 4 |  4.1

Action                   |  1- 3 |  4- 6 |  7- 9 || total
-------------------------+-------+-------+-------++-------
Melee: Dagger            |    61 |    56 |    23 ||   140
 Cast: Foxfire           |    37 |    46 |    13 ||    96
       Scorch            |       |    12 |    45 ||    57
       Inner Flame       |       |       |     9 ||     9
  Use: Scroll            |       |     8 |     7 ||    15
 Stab: Paralysed         |    11 |    31 |    14 ||    56
       Sleeping          |     4 |     4 |       ||     8
Armor: Robe              |    14 |    14 |    15 ||    43
Dodge: Dodged            |    54 |    43 |    26 ||   123

Table legend: (Time is in decaauts)
 A = Elapsed time spent in this place.
 B = Non-inter-level travel time spent in this place.
 C = Inter-level travel time spent in this place.
 D = Time resting spent in this place.
 E = Time spent auto-exploring this place.
 F = Levels seen in this place.
 G = Mean time per level.
                   A        B        C        D        E       F      G
               +--------+--------+--------+--------+--------+-----+--------+
         Total |   5516 |   5448 |     68 |     34 |   4453 |   6 |  919.3 |
       Dungeon |   4496 |   4428 |     68 |     34 |   3618 |   5 |  899.2 |
         Sewer |   1020 |   1020 |      0 |      0 |    835 |   1 | 1020.0 |
               +--------+--------+--------+--------+--------+-----+--------+

Top non-repeatable levels by time:
     D:4: 1090 daAuts
   Sewer: 1020 daAuts
     D:2: 1014 daAuts
     D:1: 946 daAuts
     D:3: 903 daAuts
     D:5: 541 daAuts
